 Dungeon Sprint DCSS version 0.31-a0-1-g4198be8af4 (webtiles) character file.

Game seed: 16807361212819737262

74 sircluck the Cleaver (level 4, -1/45 HPs)
             Began as a Hill Orc Berserker on May 2, 2023.
             Was a Priest of Trog.
             Splashed by a jelly's acid (6 damage)
             ... in the Dungeon (Sprint IX: "|||||||||||||||||||||||||||||").
             The game lasted 00:00:16 (89 turns).

sircluck the Cleaver (Hill Orc Berserker)             Turns: 89, Time: 00:00:16

Health: -1/45      AC:  2    Str: 21    XL:     4   Next: 30%
Magic:  4/4        EV: 12    Int:  7    God:    Trog [***...]
Gold:   0          SH:  0    Dex: 10    Spells: 3/3 levels left

rFire   . . .        a - +0 hand axe
rCold   . . .        (no shield)
rNeg    . . .        b - +0 animal skin
rPois   .            (no helmet)
rElec   .            (no cloak)
rCorr   .            (no gloves)
SInv    .            (no boots)
Will    .....        (no amulet)
Stlth   +            (no ring)
HPRegen 0.27/turn    (no ring)
MPRegen 0.09/turn

%: no teleportation
@: on berserk cooldown, slowed, very slow
A: no striking features
a: Renounce Religion, Berserk, Trog's Hand


You were in the Dungeon.
You worshipped Trog.
Trog was most pleased with you.
You visited 1 branch

Inventory:

Hand Weapons
 a - a +0 hand axe (weapon)
Armour
 b - a +0 animal skin (worn)
Scrolls
 h - a scroll of blinking
Potions
 c - a potion of curing
 d - a potion of heal wounds
 e - a potion of haste
 f - 2 potions of magic
 g - a potion of berserk rage


   Skills:
 + Level 6.6 Fighting
 + Level 8.1 Axes
 + Level 3.3 Armour
 + Level 2.8 Dodging


You had 3 spell levels left.
You didn't know any spells.
Your spell library was empty.

Dungeon Overview and Level Annotations

Branches:
Dungeon (1/1)

Altars:


Message History

You hit the hound.
The hound is almost dead.
The hound barely misses you.
Unknown command.
Unknown command.
You slash the hound!
You kill the hound!
Trog accepts your kill.
Your Fighting skill increases to level 6!
Your Axes skill gained 2 levels and is now at level 7!
Your Armour skill increases to level 3!
You have reached level 3!
Your experience leads to an increase in your attributes!
Increase (S)trength, (I)ntelligence, or (D)exterity?
You feel stronger. x2
You hit the hound.
The hound is moderately wounded.
You barely miss the hound.
The hound is moderately wounded.
The hound misses you.
You hit the hound.
The hound is heavily wounded.
The hound closely misses you.
You slash the hound!
You kill the hound!
Trog accepts your kill.
You are no longer berserk.
You are exhausted.
You feel yourself slow down.
Your Axes skill increases to level 8!
You have reached level 4!
The jelly hits you.
You are splashed with acid!
* * * LOW HITPOINT WARNING * * *
The jelly closely misses you.
You see here a hound corpse.
There is an open door, spattered with blood here.
The jelly attacks as you move away! The jelly hits you.
* * * LOW HITPOINT WARNING * * *
You are splashed with acid.
You die...

▓.▓
▓.▓
▓†▓
▓.▓
▓.▓
▓.▓
▓.▓
▓.▓
▓@▓
▓J▓
▓.▓
▓.▓
▓.▓
▓.▓
▓+▓


You could see a jelly.

Vanquished Creatures
  2 hounds (D)
  An adder (D)
  A hobgoblin (D)
  A jackal (D)
  A quokka (D)
  A ball python (D)
  A frilled lizard (D)
  A rat (D)
9 creatures vanquished.

Notes
Turn   | Place    | Note
-------+----------+-------------------------------------------
     0 | D        | sircluck the Hill Orc Berserker began the quest for the
                  | Orb.
     0 | D        | Reached XP level 1. HP: 19/19 MP: 1/1
    12 | D        | Reached ** piety under Trog
    61 | D        | Noticed a hound
    61 | D        | Noticed a hound
    61 | D        | Noticed a jelly
    70 | D        | Reached skill level 5 in Axes
    75 | D        | Reached *** piety under Trog
    76 | D        | Reached skill level 5 in Fighting
    76 | D        | Reached XP level 2. HP: 21/29 MP: 2/2
    83 | D        | Reached skill level 7 in Axes
    83 | D        | Reached XP level 3. HP: 21/37 MP: 3/3
    87 | D        | Reached skill level 8 in Axes
    87 | D        | Reached XP level 4. HP: 18/45 MP: 4/4
    89 | D        | Splashed by a jelly's acid

Illustrated notes

Levels and vault maps discovered:
D:        linesprint [early_d, line_temple, items_1, d_10, items_2, lair_1,
          lair_end, items_3, orc_1, orc_end, items_4, d_15, swamp_1, shoals_1,
          snake_1, spider_1, d_20, vaults_1, items_5, swamp_end, shoals_end,
          snake_end, spider_end, vaults_end, d_27, items_6, zot_1, zot_end,
          crypt_end, forest_end, elf_end, slime_end, tomb_end, abyss_end,
          pan_hell_end]

Skill      XL: |  1  2  3 |
---------------+----------+-----
Fighting       | 5 6 |  6.6
Axes           | 5 7 8 |  8.1
Dodging        | 2 |  2.8
Armour         | 3 |  3.3

Action                     |  1- 3 |  4- 6 || total
---------------------------+-------+-------++-------
  Melee: Hand axe          |    39 |       ||    39
 Invoke: Berserk           |     1 |       ||     1
 Armour: Animal skin       |     4 |       ||     4
  Dodge: Dodged            |    22 |     1 ||    23

Table legend: (Time is in decaauts)
 A = Elapsed time spent in this place.
 B = Non-inter-level travel time spent in this place.
 C = Inter-level travel time spent in this place.
 D = Time resting spent in this place.
 E = Time spent auto-exploring this place.
 F = Levels seen in this place.
 G = Mean time per level.
                   A        B        C        D        E       F      G
               +--------+--------+--------+--------+--------+-----+--------+
         Total |     87 |     87 |      0 |      0 |     44 |   1 |   87.0 |
       Dungeon |     87 |     87 |      0 |      0 |     44 |   1 |   87.0 |
               +--------+--------+--------+--------+--------+-----+--------+

Top non-repeatable levels by time:
       D: 87 daAuts
